AoeStats
← BottleDry

Nomad

509458548Analyzed
4v4 RM · 5d ago on Sep 26, 2026· 36m 57s· 8 players
Game mode
Random Map
Map size
231×231
Population
200
Speed
Normal
Resources
Standard
Victory
Conquest
Starting age
Dark Age
Ending age
Imperial Age
RankedLock teamsTeams togetherTeam positionsShared explorationLock speedFull tech treeHidden civsTurbo modeCheats
Victory
Defeat
🇨🇿 Vietnamese · Czechia
1080
+10
🇨🇿 Lithuanians · Czechia
1047
+11
🇨🇿 Bohemians · Czechia
1038
+11
🇨🇿 Vikings · Czechia
954
+15
🇨🇱 Japanese · Chile
959
-13
🇫🇷 Malay · France
938
-12
🇫🇷 Ethiopians · France
919
-11
🇺🇸 Varangians · United States
911
-11
GERMANICO7222
5:56 Loom
17:15 Feudal Age
20:04 Double-Bit Axe
20:09 Gold Mining
23:38 Fishing Lines
26:56 Castle Age
27:43 Wheelbarrow
27:22 Scale Barding Armor
27:27 Forging
27:52 Bloodlines
27:42 Husbandry
28:26 Medium Warships
28:11 Gillnets
29:24 Chain Barding Armor
29:39 Iron Casting
32:14 Bow Saw
32:42 Gold Shaft Mining
31:57 Stone Mining
31:57 Town Watch
BottleDry
3:46 Loom
13:21 Feudal Age
14:04 Double-Bit Axe
15:47 Horse Collar
20:27 Castle Age
19:29 Gold Mining
19:31 Stone Mining
23:16 Bow Saw
23:56 Wheelbarrow
24:38 Heavy Plow
29:36 Pikeman
31:14 Hand Cart
36:14 Imperial Age
33:52 Scale Barding Armor
33:57 Forging
34:03 Fletching
34:13 Padded Archer Armor
34:26 Forging
34:20 Scale Mail Armor
35:12 Squires
34:57 Gambesons
34:58 Arson
LeCissé
5:36 Loom
15:32 Feudal Age
17:37 Fletching
17:54 Padded Archer Armor
19:24 Forging
23:59 Castle Age
23:11 Double-Bit Axe
24:18 Stone Mining
24:03 Crossbowman
34:02 Imperial Age
Boba Fett
18:50 Feudal Age
17:39 Loom
19:24 Fishing Lines
19:29 Horse Collar
19:36 Double-Bit Axe
19:43 Gold Mining
19:44 Stone Mining
19:18 Man-at-Arms
20:40 Arson
23:09 Wheelbarrow
22:21 Town Watch
23:01 Forging
22:52 Padded Archer Armor
22:43 Fletching
24:21 Scale Mail Armor
29:37 Castle Age
27:49 Scale Barding Armor
30:49 Heavy Plow
31:01 Bow Saw
31:28 Gold Shaft Mining
31:30 Stone Shaft Mining
31:12 Hand Cart
30:58 Town Patrol
32:21 Caravan
32:34 Squires
33:10 Chain Mail Armor
34:05 Iron Casting
34:53 Thumb Ring
34:09 Crossbowman
Kamil
14:54 Feudal Age
13:09 Loom
15:31 Double-Bit Axe
15:38 Horse Collar
22:16 Castle Age
21:31 Fletching
21:41 Padded Archer Armor
23:08 Crossbowman
24:26 Bodkin Arrow
25:08 Heavy Plow
29:43 Chemistry
29:37 Wheelbarrow
31:14 Ballistics
31:53 Leather Archer Armor
33:01 Pikeman
33:41 Squires
34:20 Forging
34:10 Scale Mail Armor
35:12 Scale Mail Armor
Pjenkava
11:18 Loom
13:05 Feudal Age
14:30 Town Watch
17:35 Castle Age
16:30 Stone Mining
16:31 Gold Mining
17:06 Fletching
17:22 Scale Barding Armor
17:27 Fishing Lines
19:13 Double-Bit Axe
20:17 Chain Barding Armor
20:08 Forging
26:45 Horse Collar
28:07 Gillnets
31:25 Stone Shaft Mining
31:03 Bodkin Arrow
33:37 Wheelbarrow
34:19 Iron Casting
34:58 Town Patrol
37:37 Hand Cart
nnilor
15:28 Feudal Age
16:00 Double-Bit Axe
15:58 Horse Collar
16:02 Man-at-Arms
21:49 Castle Age
22:19 Long Swordsman
26:50 Bow Saw
26:42 Heavy Plow
27:39 Elite Skirmisher
28:50 Gold Mining
30:56 Forging
31:11 Ballistics
33:17 Squires
33:21 Scale Mail Armor
33:57 Iron Casting
33:23 Padded Archer Armor
Geglash
11:22 Loom
14:59 Feudal Age
15:46 Fishing Lines
18:51 Double-Bit Axe
21:07 Castle Age
21:48 Gillnets
24:58 Fletching
26:36 Bow Saw
30:47 Imperial Age
29:40 Ballistics
29:10 Heated Shot
32:40 Bodkin Arrow
34:13 Squires
35:26 Thumb Ring
34:42 Elite Skirmisher
35:12 Arson
36:57 Chemistry
36:01 Padded Archer Armor
36:38 Bracer
36:40 Imperial Skirmisher
Connection lost

Rejoining the realm…

Still unreachable

The connection could not be restored.

Session expired

The server has moved on; the page needs a fresh start.